 Dungeon Crawl Stone Soup version 0.27.1 (webtiles) character file.

Game seed: 8502139369071220733

5563 Destapler the Fighter (level 10, -21/85 (94) HPs)
             Began as a Minotaur Fighter on Aug 31, 2021.
             Was an Elder of Wu Jian.
             Killed from afar by an eidolon (35 damage)
             ... with a bolt of negative energy
             ... on level 2 of the Abyss.
             The game lasted 00:31:40 (6504 turns).

Destapler the Fighter (Minotaur Fighter)            Turns: 6504, Time: 00:31:41

HP:   -21/85 (94)   AC: 22    Str: 30    XL:     10   Next: 44%
MP:   9/9           EV:  8    Int:  5    God:    Wu Jian [****..]
Gold: 566           SH: 13    Dex: 10    Spells: 9/9 levels left

rFire    + . .     SeeInvis .   a - +0 trident
rCold    . . .     Faith    .   c - +0 kite shield
rNeg     . . .     Spirit   .   E - +4 chain mail {rF+}
rPois    .         Reflect  .   (helmet restricted)
rElec    .         Harm     .   o - +1 cloak
rCorr    .         Rampage  .   (no gloves)
Will     .....                  (no boots)
Stlth    ..........             j - amulet of regeneration
HPRegen  1.24/turn              l - +4 ring of protection
MPRegen  0.11/turn              f - +6 ring of strength

@: weak-willed, afraid, slowed, drained, very slow
A: horns 2, retaliatory headbutt
a: Renounce Religion, Wall Jump, Serpent's Lash


You were on level 2 of the Abyss.
You worshipped Wu Jian.
Wu Jian was greatly pleased with you.
You visited 1 branch of the dungeon, and saw 9 of its levels.
You visited the Abyss 1 time.

You collected 566 gold pieces.

Inventory:

Hand Weapons
 a - a +0 trident (weapon)
 v - a +0 whip of freezing
Missiles
 q - a throwing net
Armour
 b - a +0 scale mail
 c - a +0 kite shield (worn)
 o - a +1 cloak (worn)
 E - a +4 chain mail of fire resistance (worn)
 L - the +0 robe of Zinum {Will+ Dex+3 Stlth+ Archmagi}
   (You found it on level 8 of the Dungeon)

   Dex:       It affects your dexterity (+3).
   Archmagi:  It increases the power of your magical spells.
   Will:      It increases your willpower.
   Stlth:     It makes you more stealthy.
 P - the +1 leather armour of Modesty {rElec rF- rCorr Dex+4}
   (You found it on level 8 of the Dungeon)

   Dex:       It affects your dexterity (+4).
   rF:        It makes you vulnerable to fire.
   rElec:     It insulates you from electricity.
   rCorr:     It protects you from acid and corrosion.
Jewellery
 e - a ring of resist corrosion
 f - a +6 ring of strength (right hand)
 j - an amulet of regeneration (around neck)
 l - a +4 ring of protection (left hand)
 w - a ring of see invisible
 x - an amulet of the acrobat
 C - an amulet of magic regeneration
 N - the ring "Gepinet" {*Corrode rC+ rN+ Dex+5}
   (You found it on level 8 of the Dungeon)

   [ring of protection from cold]

   Dex:       It affects your dexterity (+5).
   rC:        It protects you from cold.
   rN:        It protects you from negative energy.
   *Corrode:  It may corrode you when you take damage.
 O - a ring of ice
Wands
 r - a wand of polymorph (4)
 s - a wand of iceblast (4)
 H - a wand of flame (18)
 I - a wand of paralysis (13)
 M - a wand of acid (7)
Scrolls
 d - 2 scrolls of fear {unknown}
 g - 9 scrolls of identify {unknown}
 m - a scroll of brand weapon {unknown}
 n - 3 scrolls of amnesia {unknown}
 p - a scroll of noise {unknown}
 y - 2 scrolls of immolation {unknown}
 B - 2 scrolls of enchant weapon {unknown}
 D - 2 scrolls of enchant armour {unknown}
 F - 3 scrolls of teleportation {unknown}
 K - a scroll of magic mapping {unknown}
Potions
 h - 5 potions of lignification {unknown}
 k - a potion of invisibility {unknown}
 t - 2 potions of curing {unknown}
 u - 2 potions of mutation {unknown}
 z - 2 potions of brilliance {unknown}
 A - a potion of attraction {unknown}
 G - a potion of might
 J - a potion of ambrosia {unknown}
Miscellaneous
 Q - a phantom mirror


   Skills:
 + Level 10.8 Fighting
 + Level 2.3 Maces & Flails
 - Level 5.8 Polearms
 + Level 10.8 Armour
 + Level 10.8 Shields


You had 9 spell levels left.
You didn't know any spells.
Your spell library contained the following spells:

 Spells                   Type           Power      Damage    Failure   Level
 Sandblast                Erth           0%         2d4       98%         1
 Blink                    Tloc           N/A        N/A       99%         2
 Corpse Rot               Necr/Air       N/A        N/A       99%         2
 Passwall                 Tmut/Erth      0%         N/A       99%         2
 Poisonous Vapours        Pois/Air       0%         N/A       99%         2
 Slow                     Hex            0%         N/A       99%         2
 Confusing Touch          Hex            0%         N/A       100%        3
 Ignite Poison            Fire/Tmut/Pois 0%         N/A       100%        3
 Lesser Beckoning         Tloc           0%         N/A       100%        3
 Mephitic Cloud           Conj/Pois/Air  0%         N/A       100%        3
 Stone Arrow              Conj/Erth      0%         3d7       100%        3
 Vampiric Draining        Necr           0%         2d6       100%        3
 Bolt of Magma            Conj/Fire/Erth 0%         4d4       100%        5
 Freezing Cloud           Conj/Ice/Air   0%         6-21      100%        5
 Lee's Rapid Deconstruct  Erth           0%         3d5*      100%        5
 Manifold Assault         Tloc           0%         N/A       100%        5
 Summon Forest            Summ/Tloc      0%         N/A       100%        5
 Eringya's Noxious Bog    Tmut/Pois      0%         N/A       100%        6
 Summon Hydra             Summ           0%         N/A       100%        7
 Shatter                  Erth           0%         3d5*      100%        9


Dungeon Overview and Level Annotations

Branches:
Dungeon (9/15)             Temple (0/1) D:4
   Lair: D:8-11         Orc: D:9-12

Altars:
Cheibriados
Hepliaklqana
Makhleb
Trog
Wu Jian
Xom

Shops:
D:4 [[(*(   D:5 *   D:7 =

Annotations:
D:9 Psyche


Innate Abilities, Weirdness & Mutations

You have a pair of horns on your head.
You reflexively headbutt those who attack you in melee.


Message History

The eidolon hits you but does no damage.
The eidolon hits you! The eidolon misses you. The eidolon hits you.
* * * LOW HITPOINT WARNING * * *
Unknown command.
You puncture the eidolon! You headbutt the eidolon.
The eidolon is moderately damaged.
The eidolon closely misses you. You block the eidolon's attack.
The eidolon hits you but does no damage. x2
Unknown command.
You closely miss the eidolon.
You headbutt the eidolon, but do no damage.
The eidolon is moderately damaged.
You block the eidolon's attack.
The eidolon hits you but does no damage.
Unknown command.
You attempt to attack the eidolon, but flinch away in fear!
The eidolon hits you but does no damage.
You block the eidolon's attack. The eidolon stares piercingly at you.
The bolt of negative energy hits you!!
You feel drained.
* * * LOW HITPOINT WARNING * * *
Unknown command.
You puncture the eidolon!
The eidolon is heavily damaged.
The eidolon hits you but does no damage.
You block the eidolon's attack.
Unknown command.
You attempt to attack the eidolon, but flinch away in fear!
The eidolon hits you!
* * * LOW HITPOINT WARNING * * *
The eidolon drains your vigour!
You feel as though you will be slow longer.
The eidolon hits you but does no damage. x3
Unknown command.
As you read the scroll labelled LOGAFAMA SIRO, it crumbles to dust.
Magic quickly surges around you.
It was a scroll of vulnerability.
The eidolon hits you but does no damage. x2
The eidolon stares piercingly at you. The bolt of negative energy hits you!!
You feel drained.
You die...

#.
##...###
## . .#.#
# ... #
##. ....##
# #. . §s.
## #. ....
§. # ... .
..####
......
##.# .
)... #@##
... .
.###W# . .
..#.##..##
...#...#
##. #.
.....s##
.# .. ..
## ###
###.....
##.... #
#. .


You could see an eidolon (scary, weak-willed).

Vanquished Creatures
  A large abomination (Abyss:1)
  Pikel (D:3)
  A worldbinder (Abyss:2)
  Prince Ribbit (D:7)
  Sigmund (D:3)
  A wraith (D:5)
  6 yaks (D:8)
  A steam dragon (D:6)
  A water moccasin (D:6)
  2 sky beasts
  3 ogres (D:5)
  2 hornet zombies
  2 centaurs
  2 necrophages
  2 phantoms (D:5)
  2 bullfrogs
  A wyvern zombie (D:8)
  A water moccasin zombie (D:5)
  A scorpion (D:6)
  A wyvern skeleton (D:7)
  A howler monkey (D:6)
  2 bullfrog zombies
  A centaur zombie (D:5)
  3 jellies
  A quasit (Abyss:1)
  A small abomination (Abyss:1)
  3 hounds
  A gnoll shaman (D:7)
  4 orc priests
  Terence (D:3)
  Jessica (D:3)
  8 iguanas
  6 orc wizards
  A killer bee zombie (D:7)
  2 hound skeletons
  7 gnolls
  7 adders
  2 white imps
  3 worms
  A dart slug (D:1)
  21 orcs
  11 endoplasms
  3 giant cockroaches
  8 hobgoblins
  5 quokkas
  6 ball pythons
  3 bats
  2 frilled lizards
  4 goblins
  5 kobolds
  5 rats
162 creatures vanquished.

Vanquished Creatures (others)
  An orc (D:6)
  3 starspawn tentacles (Abyss:1)
4 creatures vanquished.

Grand Total: 166 creatures vanquished

Notes
Turn   | Place    | Note
-------+----------+-------------------------------------------
     0 | D:1      | Destapler the Minotaur Fighter began the quest for the Orb.
     0 | D:1      | Reached XP level 1. HP: 19/19 MP: 0/0
   121 | D:1      | Reached XP level 2. HP: 22/27 MP: 1/1
   473 | D:1      | Found a faded altar of an unknown god.
   538 | D:1      | Became a worshipper of the Wu Jian Council
   538 | D:1      | Reached * piety under Wu Jian
   820 | D:2      | Reached XP level 3. HP: 33/33 MP: 2/2
  1323 | D:3      | Reached ** piety under Wu Jian
  1356 | D:3      | Reached XP level 4. HP: 40/40 MP: 3/3
  1356 | D:3      | Noticed Jessica
  1372 | D:3      | Killed Jessica
  1550 | D:3      | Noticed Terence
  1556 | D:3      | Killed Terence
  1894 | D:3      | Reached XP level 5. HP: 31/47 MP: 4/4
  1945 | D:3      | Noticed Sigmund
  1968 | D:3      | Killed Sigmund
  1969 | D:3      | Reached skill level 5 in Fighting
  1969 | D:3      | Reached skill level 5 in Armour
  1969 | D:3      | Reached skill level 5 in Shields
  1969 | D:3      | Reached XP level 6. HP: 55/56 MP: 5/5
  2218 | D:4      | Found a staircase to the Ecumenical Temple.
  2275 | D:4      | Found Boughah's Assorted Antiques.
  2307 | D:4      | Noticed Pikel
  2322 | D:3      | Killed Pikel
  2323 | D:3      | Reached skill level 5 in Polearms
  2323 | D:3      | Reached XP level 7. HP: 60/63 MP: 6/6
  2347 | D:4      | Found Dynon's Antique Armour Boutique.
  2413 | D:4      | Found Tovaucs's Armour Shop.
  2614 | D:4      | Found Desoadiy's Weapon Shoppe.
  2650 | D:4      | Found a snail-covered altar of Cheibriados.
  2654 | D:4      | Found a bloodstained altar of Trog.
  2658 | D:4      | Found a burning altar of Makhleb.
  2982 | D:4      | Found Hatiac's Weapon Shoppe.
  3118 | D:5      | Entered Level 5 of the Dungeon
  3145 | D:5      | Found Fofedase's General Store.
  3411 | D:5      | Reached XP level 8. HP: 67/71 MP: 7/7
  3512 | D:5      | Reached *** piety under Wu Jian
  3787 | D:5      | Reached XP level 9. HP: 80/82 MP: 8/8
  4446 | D:6      | You fall into a shaft and drop 1 floor!
  4483 | D:7      | Noticed Prince Ribbit
  4489 | D:7      | Killed Prince Ribbit
  4931 | D:7      | Found a hazy altar of Hepliaklqana.
  4932 | D:7      | Found a shimmering altar of Xom.
  4933 | D:7      | Noticed a spectral ugly thing
  4953 | D:7      | Found Dolutesch's Jewellery Emporium.
  4990 | D:7      | Reached **** piety under Wu Jian
  5287 | D:8      | Reached skill level 10 in Fighting
  5287 | D:8      | Reached skill level 10 in Armour
  5287 | D:8      | Reached skill level 10 in Shields
  5303 | D:8      | Reached XP level 10. HP: 93/93 MP: 9/9
  5631 | D:8      | Identified the +0 robe of Zinum {Will+ Dex+3 Stlth+
                  | Archmagi}
  5689 | D:8      | Identified the ring "Gepinet" {*Corrode rC+ rN+ Dex+5}
  6162 | D:8      | Identified the +1 leather armour of Modesty {rElec rF-
                  | rCorr Dex+4}
  6253 | D:9      | Noticed a two-headed ogre
  6253 | D:9      | Noticed Psyche
  6261 | D:9      | Cast into level 1 of the Abyss (Psyche)
  6269 | Abyss:1  | Noticed a large abomination
  6289 | Abyss:1  | Killed a large abomination
  6290 | Abyss:1  | Reached skill level 1 in Maces & Flails
  6417 | Abyss:1  | Noticed a tentacled starspawn
  6475 | Abyss:2  | Noticed a worldbinder
  6478 | Abyss:2  | Noticed an eidolon
  6493 | Abyss:2  | Killed a worldbinder
  6504 | Abyss:2  | Killed from afar by an eidolon

Illustrated notes

Levels and vault maps discovered:
D:1:      mrwooster_arrival_statue_2, layout_loops_ring,
          hellmonk_ecumenical_altar_heavens_door, serial_park_tiny_pond
D:2:      layout_basic
D:3:      layout_basic, uniq_sigmund, uniq_jessica, uniq_terence
D:4:      layout_layer_cave, grunt_temple_overflow_diamond,
          minmay_temple_entry_stoned_glass, serial_shops, shop,
          nicolae_shop_waterfront, shop, shop, nicolae_shop_stone,
          hangedman_decor_points, uniq_pikel
D:5:      layout_basic, serial_shops, kennysheep_mini_moat, nzn_random_ring
D:6:      layout_loops_ring
D:7:      layout_basic, regret_index_temple_of_mockery, serial_shops,
          nicolae_shop_competitors_out_of_business, uniq_prince_ribbit1
D:8:      layout_basic
D:9:      kennysheep_blocky_hall, layout_long_grid, old_standard_altar,
          dpeg_lair_monsters, serial_shops, shop, uniq_psyche
Abyss:2:  base: Temple, evilmike_abyss_exit_1, evilmike_abyss_exit_chaos

Skill      XL: |  1  2  3  4  5  6  7  8  9 10 |
---------------+-------------------------------+-----
Polearms       | 3 4 5 |  5.8
Fighting       | 4 5 6 8 10 | 10.8
Armour         | 4 5 6 8 10 | 10.8
Shields        | 4 5 6 8 10 | 10.8
Maces & Flails | 2 |  2.3

Action                   |  1- 3 |  4- 6 |  7- 9 | 10-12 || total
-------------------------+-------+-------+-------+-------++-------
Melee: Trident           |   100 |    87 |   297 |   112 ||   596
       Headbutt          |     9 |    10 |    69 |    26 ||   114
Invok: Whirlwind         |     7 |     4 |    19 |     4 ||    34
       Serpent's Lash    |       |       |     1 |       ||     1
       Lunge             |       |       |     1 |       ||     1
 Abil: Wall Jump         |       |    10 |    35 |     1 ||    46
Evoke: Wand              |       |     1 |       |       ||     1
  Use: Potion            |       |       |     1 |     1 ||     2
       Scroll            |       |       |       |     1 ||     1
Armor: Scale mail        |    31 |    44 |    50 |       ||   125
       Chain mail        |       |       |    60 |    52 ||   112
       Skin              |       |       |       |    14 ||    14
Dodge: Dodged            |    18 |    35 |    76 |    27 ||   156
Block: Kite shield       |    33 |    54 |   156 |    65 ||   308
